 Dungeon Crawl Stone Soup version 0.17.1-3-g152610e (webtiles) character file.

146812 Siking the Impaler (level 17, -10/129 HPs)
             Began as a Merfolk Skald on Feb 22, 2016.
             Was the Champion of Ru.
             Shot with a bolt by a naga sharpshooter (28 damage)
             ... on level 4 of the Snake Pit on Feb 23, 2016.
             The game lasted 04:36:10 (40033 turns).

Siking the Impaler (Merfolk Skald)                 Turns: 40033, Time: 04:36:10

Health: -10/129    AC: 16    Str: 18    XL:     17   Next: 45%
Magic:  0/20       EV: 21    Int: 12    God:    Ru [******]
Gold:   2766       SH: 15    Dex: 14    Spells: 5 memorised, 9 levels left

rFire  + . .     SeeInvis .     f - +9 spear "Agouzix" {flame, rElec}
rCold  + . .     Clarity  .     R - +3 troll leather armour
rNeg   . . .     SustAt   .     C - +2 shield of Resistance {rF+ rC+ MR+}
rPois  +         Gourm    .     V - +1 helmet
rElec  +         Spirit   +     U - +1 cloak
rCorr  .         Warding  .     Q - +0 pair of gloves
rMut   .         Stasis   .     P - +2 pair of boots {Stlth+}
MR     ++...                    q - amulet of guardian spirit
Stlth  ++++++....               x - +3 ring of evasion
                                O - ring of poison resistance

@: exhausted, shrouded, no potions, no scrolls, drained, very resistant to
hostile enchantments, very stealthy
A: change form in water, swift swim, screaming 1, inability to drink while
threatened, inability to read while threatened, inability to use devices, hated
by all, MP-powered wands
a: Draw Out Power, Power Leap, Apocalypse, Renounce Religion


You were on level 4 of the Snake Pit.
You worshipped Ru.
Ru was exalted by your worship.
You were very hungry.

You visited 5 branches of the dungeon, and saw 32 of its levels.
You also visited: Bailey.

You collected 3784 gold pieces.
You spent 1018 gold pieces at shops.

Inventory:

Hand Weapons
 f - the +9 spear "Agouzix" (weapon) {flame, rElec}
   (You found it on level 9 of the Dungeon)

   It has been specially enchanted to burn those struck by it, causing extra
   injury to most foes and up to half again as much damage against particularly
   susceptible opponents.
   It insulates you from electricity.
Armour
 C - the +2 shield of Resistance (worn) {rF+ rC+ MR+}
   (You found it on level 4 of the Dungeon)

   It protects you from fire.
   It protects you from cold.
   It affects your resistance to hostile enchantments.
 P - a +2 pair of boots of stealth (worn)
 Q - a +0 pair of gloves (worn)
 R - a +3 troll leather armour (worn)
 U - a +1 cloak (worn)
 V - a +1 helmet (worn)
Jewellery
 a - an uncursed ring of ice
 h - an uncursed ring of wizardry
 i - an uncursed amulet of resist mutation
 q - an amulet of guardian spirit (around neck)
 t - an uncursed ring of see invisible
 x - a +3 ring of evasion (right hand)
 y - an uncursed ring of stealth
 F - an uncursed amulet of the gourmand
 G - an uncursed amulet of warding
 O - a ring of poison resistance (left hand)
 S - an uncursed ring of magical power
Scrolls
 g - 10 scrolls of remove curse
 l - 4 scrolls of identify
 n - 7 scrolls of fog
 o - 2 scrolls of silence
 w - 3 scrolls of magic mapping
 z - 5 scrolls of blinking
 B - 5 scrolls of amnesia
 H - 5 scrolls of enchant weapon
 J - 12 scrolls of teleportation
 K - a scroll of acquirement
 M - 4 scrolls of fear
 X - a scroll of holy word
Potions
 e - 2 potions of haste
 j - 7 potions of agility
 k - 6 potions of flight
 m - 2 potions of cure mutation
 u - 3 potions of invisibility
 v - 5 potions of heal wounds
 D - 2 potions of brilliance
 E - 4 potions of cancellation
 I - 13 potions of curing
 Y - 2 potions of resistance
 Z - 2 potions of berserk rage
Books
 b - a book of Fire

   Spells                             Type                      Level
   a - Ignite Poison                  Fire/Transmutation/Poison    3
   b - Fireball                       Conjuration/Fire             5
   c - Bolt of Fire                   Conjuration/Fire             6
   d - Delayed Fireball               Conjuration/Fire             7
   e - Ring of Flames                 Charms/Fire                  7
 c - a book of Battle

   Spells                             Type                      Level
   a - Infusion                       Charms                       1
   b - Shroud of Golubria             Charms/Translocation         2
   c - Song of Slaying                Charms                       2
   d - Spectral Weapon                Hexes/Charms                 3
   e - Regeneration                   Charms/Necromancy            3
 N - a book of Summonings

   Spells                             Type                      Level
   a - Recall                         Summoning/Translocation      3
   b - Aura of Abjuration             Summoning                    5
   c - Shadow Creatures               Summoning                    5
   d - Summon Demon                   Summoning                    5
   e - Summon Forest                  Summoning/Translocation      5
   f - Summon Mana Viper              Hexes/Summoning              5
 W - a book of Dreams

   Spells                             Type                      Level
   a - Ensorcelled Hibernation        Hexes/Ice                    2
   b - Phase Shift                    Translocation                5
   c - Shadow Creatures               Summoning                    5
   d - Silence                        Hexes/Air                    5
   e - Darkness                       Hexes                        6
   f - Mass Confusion                 Hexes                        6
Comestibles
 d - 7 bread rations
 p - 16 meat rations
 r - 15 fruits
 s - 8 royal jellies
 A - 3 slices of pizza
 L - 4 beef jerkies


   Skills:
 + Level 10.6(10.0) Fighting
 + Level 17.7(17.0) Polearms
 - Level 5.0(4.5) Armour
 + Level 11.5(11.0) Dodging
 - Level 13.0(12.4) Stealth
 - Level 15.3(14.7) Shields
 - Level 2.0(1.6) Spellcasting
 - Level 7.1(6.6) Hexes
 - Level 13.1(12.6) Charms
 - Level 1.6(1.2) Necromancy
 - Level 5.0(4.5) Translocations


You had 9 spell levels left.
You knew the following spells:

 Your Spells              Type           Power        Failure   Level  Hunger
a - Infusion              Chrm           ####..       1%          1    ##.....
b - Shroud of Golubria    Chrm/Tloc      ###.......   1%          2    ###....
c - Spectral Weapon       Hex/Chrm       ###.....     1%          3    ####...
d - Regeneration          Chrm/Necr      ###.......   10%         3    ####...
e - Song of Slaying       Chrm           ####....     1%          2    ###....


Dungeon Overview and Level Annotations

Branches:
Dungeon (15/15)            Temple (0/1) D:4            Lair (8/8) D:11
  Swamp (0/4) Lair:3        Snake (4/4) Lair:5        Slime (0/6) Lair:6
    Orc (4/4) D:9             Elf (1/3) Orc:3        Vaults (0/5) D:14
 Depths (0/5) D:15

Altars:
Ashenzari
Cheibriados
Dithmenos
Elyvilon
Gozag
Makhleb
Qazlal
Ru
Trog
Vehumet
Xom
Yredelemnul
Zin
Beogh
Jiyva

Shops:
Orc:1 (   Orc:2 (   Orc:3 %   Orc:4 :(!%   Snake:1 *

Portals:
Trove: D:15 (give +4 demon blade)

Annotations:
D:3 riffraff's ghost, amateur CeFi
D:14 1 runed door


Innate Abilities, Weirdness & Mutations

You revert to your normal form in water.
You are very nimble and swift while swimming.
You occasionally shout uncontrollably at your foes.
You cannot drink potions while threatened.
You cannot read scrolls while threatened.
You cannot study or use magical devices.
You are hated by all.
You expend magic power (3 MP) to strengthen your wands.


Message History

You hit the guardian serpent. You burn the guardian serpent.
The guardian serpent is almost dead.
The guardian serpent dies!
The naga mage casts a spell at you. You resist with almost no effort.
You redirect the naga sharpshooter's attack!
The naga sharpshooter unwields an uncursed shortbow.
The naga sharpshooter wields an uncursed scimitar of electrocution.
You hear the crackle of electricity.
The naga sharpshooter hits your spectral weapon with an uncursed scimitar of electrocution!
Your spectral weapon shares its damage with you!
Your spectral weapon fades away.
* * * LOW HITPOINT WARNING * * *
You block the naga's attack.
The naga sharpshooter spits poison at you.
The splash of poison misses you.
The naga mage points at you and mumbles some strange words.
The bolt of poison hits the naga.
The bolt of poison misses you.
The naga sharpshooter shoots a bolt.
The bolt hits you!!
You die...

...................##..
'###.)..#######§(...##.
.#.#...##..#..#......##
...#...#......#§......##
...#...#......#........##
##.+...'......#.NN......#
.###...#......##†NS.....#
.......##......#(NN.....##
........#......#@........####
........#.....##..##'#......##
.......##.....#.§.#..+.......#
.......'......#...##'#.......#
.......#......#..[..........##
.......####..##......(.......#
..........####...............##
.................#............##
.................#..........#..##


You could see 2 naga sharpshooters, a black mamba, a naga mage and 2 nagas.

Vanquished Creatures
  The ghost of MRaven the Blocker, an adept FoFi of Qazlal (Snake:4)
  Aizul (Snake:2)
  2 orc warlords
  Snorg (Lair:6)
  Fannar (Orc:1)
  6 hydras
  The ghost of riffraff the Basher, a journeyman GrFi of the Shining One (Lair:3)
  2 ice dragons (D:15)
  13 naga warriors
  7 anacondas
  8 death yaks
  4 centaur warriors
  Urug (Lair:2)
  9 shock serpents
  9 naga sharpshooters
  Sonja (D:13)
  6 orc high priests
  2 salamander mystics
  3 unseen horrors
  4 hill giants
  8 orc knights
  A naga ritualist (Snake:2)
  3 necromancers
  2 griffons
  7 mana vipers
  15 ugly things
  2 manticores
  6 cyclopes
  19 black mambas
  13 salamanders
  7 elephants
  4 orc sorcerers
  Maurice (D:8)
  A gargoyle (D:10)
  3 guardian serpents
  14 naga magi
  3 centaur skeletons
  10 spiny frogs
  12 trolls
  A fire drake (Lair:2)
  A queen bee (D:8)
  A yaktaur (D:14)
  2 giant leeches
  8 komodo dragons
  26 blink frogs
  A trapdoor spider zombie (D:14)
  2 two-headed ogres (Orc:4)
  3 slime creatures (D:15)
  3 shadows
  A spriggan (shapeshifter) (D:14)
  3 deep elf magi
  A wyvern (D:13)
  A deep elf fighter (D:14)
  43 yaks
  2 wraiths
  A steam dragon (D:8)
  14 hippogriffs
  A hungry ghost (D:10)
  A spriggan (Lair:1)
  A basilisk (Lair:4)
  43 nagas
  2 soldier ants (D:13)
  9 vampire mosquitoes
  4 mottled dragons
  3 swamp worms (Lair:3)
  8 wolves
  18 water moccasins
  A water moccasin (shapeshifter) (D:12)
  9 porcupines
  8 wargs
  62 orc warriors
  6 sky beasts
  2 wasps
  An ice beast (D:9)
  A phantom (D:7)
  An eye of draining (D:12)
  A necrophage (D:5)
  A trapdoor spider simulacrum (D:14)
  2 black bears
  14 crocodiles
  15 ogres
  10 centaurs
  A komodo dragon zombie (Lair:7)
  6 big kobolds
  A brain worm (Lair:6)
  A gnoll sergeant (D:8)
  24 giant frogs
  4 scorpions
  A water moccasin skeleton (D:8)
  6 electric eels (Lair:8)
  27 killer bees
  11 wights
  13 crimson imps
  6 jellies
  A giant frog zombie (D:12)
  8 hounds
  42 orc wizards
  2 quasits
  55 orc priests
  5 iguanas
  4 giant frog skeletons
  A yak simulacrum (Lair:8)
  5 worker ants
  4 polar bear simulacra (Lair:8)
  2 wolf simulacra (Lair:8)
  A crocodile zombie (Lair:7)
  27 sheep
  2 hound zombies (D:5)
  A worker ant zombie (D:9)
  10 gnolls
  79 river rats
  2 shadow imps
  13 adders
  An adder zombie (D:7)
  An ooze (D:5)
  4 worms (D:2)
  3 adder skeletons
  5 giant geckos
  295 orcs
  2 ball pythons
  14 goblins
  7 hobgoblins
  6 jackals
  33 kobolds
  3 quokkas
  10 bats
  3 giant cockroaches (D:2)
  A giant gecko zombie (D:8)
  4 giant newts
  A quokka zombie (D:5)
  6 rats
  4 river rat simulacra (Lair:8)
  3 butterflies
1322 creatures vanquished.

Vanquished Creatures (others)
  A salamander (Snake:2)
  A guardian serpent (Snake:4)
  A naga (Snake:4)
  An orc warrior (Orc:2)
  A necrophage (D:7)
  An orc (D:10)
  13 fungi
  10 plants (Lair:8)
  67 spectral weapons
96 creatures vanquished.

Grand Total: 1418 creatures vanquished

Notes
Turn   | Place    | Note
--------------------------------------------------------------
     0 | D:1      | Siking the Merfolk Skald began the quest for the Orb.
     0 | D:1      | Reached XP level 1. HP: 16/16 MP: 3/3
   201 | D:1      | Reached XP level 2. HP: 22/22 MP: 5/5
   694 | D:1      | Reached skill level 4 in Polearms
   694 | D:1      | Reached XP level 3. HP: 3/27 MP: 1/6
  1308 | D:2      | Reached XP level 4. HP: 20/33 MP: 0/7
  1810 | D:2      | Found a sacrificial altar of Ru.
  1858 | D:2      | Became a worshipper of Ru the Awakened
  2188 | D:2      | Reached skill level 5 in Polearms
  2438 | D:2      | Learned a level 2 spell: Shroud of Golubria
  2583 | D:3      | Found a radiant altar of Vehumet.
  2613 | D:3      | Reached XP level 5. HP: 14/38 MP: 0/8
  3151 | D:3      | Found a shattered altar of Ashenzari.
  3153 | D:3      | Noticed riffraff's ghost (amateur CeFi)
  3510 | D:3      | Found a faded altar to an unknown god.
  3515 | D:3      | Found a glowing silver altar of Zin.
  3530 | D:3      | Found a bloodstained altar of Trog.
  3627 | D:4      | Reached skill level 1 in Shields
  3627 | D:4      | Reached skill level 1 in Translocations
  3904 | D:4      | Found a shimmering altar of Xom.
  4040 | D:4      | Reached skill level 6 in Polearms
  4040 | D:4      | Reached XP level 6. HP: 38/44 MP: 2/9
  4662 | D:4      | Found a staircase to the Ecumenical Temple.
  4866 | D:4      | Reached skill level 7 in Polearms
  4936 | D:4      | Gained mutation: You are hated by all. [Ru sacrifice]
  4936 | D:4      | Reached * piety under Ru
  5111 | D:5      | Entered Level 5 of the Dungeon
  5196 | D:5      | Reached XP level 7. HP: 33/47 MP: 1/10
  5685 | D:5      | Reached skill level 8 in Polearms
  5697 | D:5      | Reached skill level 5 in Charms
  5917 | D:4      | Gained mutation: You are occasionally teleported next to monsters. [potion of mutation]
  5917 | D:4      | Gained mutation: You expend magic power (3 MP) to strengthen your wands. [potion of mutation]
  5917 | D:4      | Gained mutation: You are weak. (Str -2) [potion of mutation]
  5935 | D:4      | Gained mutation: Armour fits poorly on your strangely shaped body. [potion of mutation]
  5935 | D:4      | Gained mutation: You are frail (-10% HP). [potion of mutation]
  5935 | D:4      | Gained mutation: Your magical capacity is low (-10% MP). [potion of mutation]
  5936 | D:4      | Lost mutation: Armour fits poorly on your strangely shaped body. [potion of cure mutation]
  5936 | D:4      | Lost mutation: You are frail (-10% HP). [potion of cure mutation]
  5936 | D:4      | Lost mutation: You are occasionally teleported next to monsters. [potion of cure mutation]
  5936 | D:4      | Lost mutation: You are weak. (Str -2) [potion of cure mutation]
  5936 | D:4      | Lost mutation: Your magical capacity is low (-10% MP). [potion of cure mutation]
  7119 | D:6      | Reached skill level 9 in Polearms
  7119 | D:6      | Reached XP level 8. HP: 12/53 MP: 0/11
  7962 | D:6      | Found a shadowy altar of Dithmenos.
  8182 | D:6      | Reached skill level 10 in Polearms
  8922 | D:7      | Reached skill level 5 in Translocations
  8940 | D:7      | Learned a level 3 spell: Spectral Weapon
  8975 | D:7      | Gained mutation: You cannot read scrolls while threatened. [Ru sacrifice]
  8975 | D:7      | Reached ** piety under Ru
  9123 | D:6      | Reached skill level 1 in Hexes
  9394 | D:7      | Found an opulent altar of Gozag.
  9558 | D:7      | Found a white marble altar of Elyvilon.
  9744 | D:7      | Reached skill level 11 in Polearms
  9848 | D:7      | Reached XP level 9. HP: 53/60 MP: 6/12
 10453 | D:8      | Noticed Maurice
 10622 | D:8      | Found a stormy altar of Qazlal.
 10717 | D:8      | HP: 1/61 [hound (6)]
 10720 | D:8      | Reached skill level 12 in Polearms
 11236 | D:9      | Found a staircase to the Orcish Mines.
 11353 | D:9      | Got an iridescent spear
 11354 | D:9      | Identified the +9 spear "Agouzix" {flame, rElec} (You found it on level 9 of the Dungeon)
 11428 | Orc:1    | Entered Level 1 of the Orcish Mines
 11428 | Orc:1    | Found Viliseat's Weapon Emporium.
 11599 | Orc:1    | Reached skill level 5 in Hexes
 11696 | Orc:1    | Noticed Fannar
 11856 | D:9      | Gained mutation: You cannot drink potions while threatened. [Ru sacrifice]
 11856 | D:9      | Reached *** piety under Ru
 12409 | D:9      | Reached skill level 5 in Dodging
 12420 | D:9      | Reached XP level 10. HP: 31/71 MP: 6/13
 13375 | D:10     | Entered Level 10 of the Dungeon
 13792 | D:10     | Reached skill level 1 in Stealth
 13865 | D:10     | You fall through a shaft for 2 floors!
 13880 | D:12     | Noticed a cyclops
 14047 | D:11     | Noticed a manticore
 14397 | D:12     | Noticed a cyclops
 14407 | D:11     | Noticed a hill giant
 14840 | D:10     | Noticed a hill giant
 15139 | D:9      | Reached XP level 11. HP: 63/77 MP: 10/14
 15206 | D:10     | Reached skill level 5 in Stealth
 15405 | Orc:1    | Killed Fannar
 15479 | Orc:2    | Noticed an orc knight
 15525 | Orc:2    | Found Zodita's Weapon Emporium.
 15605 | Orc:2    | Killed an orc knight
 16012 | Orc:2    | Reached skill level 10 in Charms
 16400 | Orc:2    | Noticed an orc knight
 16934 | Orc:2    | Killed an orc knight
 16974 | Orc:2    | Found a roughly hewn altar of Beogh.
 16975 | Orc:2    | Noticed an orc warlord
 17030 | Orc:3    | Gained mutation: You cannot study or use magical devices. [Ru sacrifice]
 17030 | Orc:3    | Reached **** piety under Ru
 17030 | Orc:3    | Reached ***** piety under Ru
 17294 | Orc:3    | Reached skill level 5 in Fighting
 17489 | Orc:3    | Found a staircase to the Elven Halls.
 17511 | Orc:3    | Found Loecuapo's Food Emporium.
 17748 | Orc:4    | Entered Level 4 of the Orcish Mines
 17912 | Orc:4    | Reached XP level 12. HP: 87/87 MP: 5/15
 18180 | Orc:3    | Gained mutation: You occasionally shout uncontrollably at your foes. [Ru sacrifice]
 18180 | Orc:3    | Reached ****** piety under Ru
 18372 | Orc:2    | Noticed an orc high priest
 18419 | Orc:4    | Noticed an orc high priest
 18584 | Orc:4    | Learned a level 3 spell: Regeneration
 18662 | Elf:1    | Entered Level 1 of the Elven Halls
 18831 | D:8      | Reached skill level 1 in Necromancy
 19147 | D:8      | Found a snail-covered altar of Cheibriados.
 19322 | D:8      | Killed Maurice
 19381 | D:8      | Reached skill level 5 in Shields
 19854 | D:11     | Killed an unseen horror
 19878 | D:11     | Found a staircase to the Lair.
 19975 | D:11     | Noticed a cyclops
 20018 | D:10     | Killed a hill giant
 20130 | D:11     | Noticed a six-headed hydra
 20164 | D:11     | Killed a six-headed hydra
 20266 | D:11     | Killed a manticore
 20277 | D:11     | Killed a cyclops
 20566 | D:11     | Reached skill level 10 in Dodging
 20681 | D:12     | Noticed a cyan ugly thing
 20703 | D:12     | Killed a cyan ugly thing
 20735 | D:12     | Killed a cyclops
 20766 | Lair:1   | Entered Level 1 of the Lair of Beasts
 20766 | Lair:1   | Noticed a six-headed hydra
 20773 | Lair:1   | Killed a six-headed hydra
 20773 | Lair:1   | Reached XP level 13. HP: 52/100 MP: 4/16
 21114 | Lair:1   | Noticed a six-headed hydra
 21133 | Lair:1   | Killed a six-headed hydra
 21639 | Lair:2   | Reached skill level 10 in Fighting
 21684 | Lair:2   | Noticed Urug
 21701 | Lair:2   | Killed Urug
 22628 | Lair:3   | Noticed riffraff's ghost (journeyman GrFi)
 22652 | Lair:3   | Killed riffraff's ghost
 22890 | Lair:3   | Found a staircase to the Swamp.
 23982 | Lair:5   | Found a staircase to the Snake Pit.
 24226 | Lair:5   | Reached skill level 10 in Shields
 24324 | Lair:5   | Reached skill level 10 in Stealth
 24867 | Lair:6   | Found a staircase to the Slime Pits.
 24867 | Lair:6   | Found a viscous altar of Jiyva.
 24898 | Lair:6   | Reached XP level 14. HP: 104/110 MP: 15/17
 25570 | Lair:6   | Noticed Snorg
 25586 | Lair:6   | Killed Snorg
 26668 | Lair:8   | Entered Level 8 of the Lair of Beasts
 27484 | Lair:8   | Reached skill level 13 in Charms
 27563 | Lair:8   | Reached XP level 15. HP: 115/115 MP: 13/18
 27753 | Lair:8   | Got a warped leather armour
 27765 | Lair:8   | Identified the cursed +0 leather armour of Fun {rF+} (You found it on level 8 of the Lair of Beasts)
 28397 | D:12     | Killed a cyclops
 28460 | D:12     | Noticed a cyclops
 28471 | D:12     | Killed a cyclops
 28725 | D:12     | Noticed an unseen horror
 28728 | D:12     | Killed an unseen horror
 29078 | D:13     | Noticed Sonja
 29084 | D:13     | Killed Sonja
 29170 | D:13     | Found a basalt altar of Yredelemnul.
 30024 | D:14     | Reached skill level 14 in Shields
 30035 | D:14     | Found a flagged portal.
 30046 | Bailey   | Entered a bailey
 30624 | D:14     | Found a runed door.
 30635 | D:14     | Noticed a sphinx
 30635 | D:14     | Noticed a frost giant
 31017 | D:14     | Found a gate to the Vaults.
 31056 | D:15     | Entered Level 15 of the Dungeon
 31207 | D:15     | Found a portal to a secret trove of treasure.
 31355 | D:15     | Reached skill level 15 in Shields
 31850 | D:15     | Found a staircase to the Depths.
 32542 | Orc:2    | Killed an orc warlord
 32645 | Orc:2    | Killed an orc high priest
 32744 | Orc:2    | Noticed an orc knight
 32769 | Orc:2    | Killed an orc knight
 32941 | Orc:4    | Killed an orc high priest
 33212 | Orc:4    | Reached XP level 16. HP: 122/122 MP: 12/19
 33380 | Orc:4    | Noticed an orc warlord
 33381 | Orc:4    | Found a roughly hewn altar of Beogh.
 33762 | Orc:4    | Killed an orc warlord
 33837 | Orc:4    | Noticed an orc high priest
 33851 | Orc:4    | Killed an orc high priest
 33903 | Orc:4    | Found Baabrass's Book Boutique.
 33907 | Orc:4    | Noticed an orc high priest
 33930 | Orc:4    | Killed an orc high priest
 33948 | Orc:4    | Bought the Incunabulum of Blistering Battle Magic for 730 gold pieces
 33976 | Orc:4    | Found Zaullotz's Antique Weapon Emporium.
 33976 | Orc:4    | Noticed an orc high priest
 33998 | Orc:4    | Killed an orc high priest
 34043 | Orc:4    | Noticed an orc high priest
 34075 | Orc:4    | Killed an orc high priest
 34240 | Orc:4    | Noticed an orc knight
 34252 | Orc:4    | Killed an orc knight
 34253 | Orc:4    | Found Qiydwashrev's Food Shop.
 34260 | Orc:4    | Found Juefaph's Distillery.
 34260 | Orc:4    | Noticed an orc knight
 34271 | Orc:4    | Killed an orc knight
 34298 | Orc:4    | Found a roughly hewn altar of Beogh.
 34327 | Orc:4    | Noticed an orc knight
 34352 | Orc:4    | Killed an orc knight
 34382 | Orc:4    | Learned a level 2 spell: Song of Slaying
 34987 | Snake:1  | Entered Level 1 of the Snake Pit
 35275 | Snake:1  | Found Ocyth's Assorted Antiques.
 35359 | Snake:1  | Bought a scroll of identify for 72 gold pieces
 35359 | Snake:1  | Bought 2 scrolls of identify for 144 gold pieces
 35359 | Snake:1  | Bought a scroll of identify for 72 gold pieces
 35364 | Snake:1  | Identified a scroll of acquirement
 35949 | Snake:1  | Found a burning altar of Makhleb.
 36072 | Snake:1  | Reached skill level 15 in Polearms
 36831 | Snake:2  | Reached skill level 1 in Armour
 37365 | Snake:2  | Noticed Aizul
 37397 | Snake:2  | Killed Aizul
 37397 | Snake:2  | Reached skill level 16 in Polearms
 38277 | Snake:2  | Reached XP level 17. HP: 124/128 MP: 12/20
 38921 | Snake:4  | Entered Level 4 of the Snake Pit
 39127 | Snake:4  | Reached skill level 17 in Polearms
 39238 | Snake:4  | Noticed MRaven's ghost (adept FoFi)
 39286 | Snake:4  | Killed MRaven's ghost
 39286 | Snake:4  | Reached skill level 5 in Armour
 40033 | Snake:4  | Shot with a bolt by a naga sharpshooter

Action                   |  1- 3 |  4- 6 |  7- 9 | 10-12 | 13-15 | 16-18 || total
-------------------------+-------+-------+-------+-------+-------+-------++-------
Melee: Spear             |   145 |   571 |   869 |   967 |  1742 |   992 ||  5286
 Cast: Infusion          |     6 |    20 |    24 |     3 |       |       ||    53
       Shroud of Golubri |       |     2 |     9 |    29 |    36 |    36 ||   112
       Spectral Weapon   |       |       |       |    87 |   125 |    86 ||   298
       Regeneration      |       |       |       |       |     3 |    10 ||    13
       Song of Slaying   |       |       |       |       |       |     9 ||     9
Invok: Sacrifice Love    |       |     1 |       |       |       |       ||     1
       Sacrifice Words   |       |       |     1 |       |       |       ||     1
       Sacrifice Drink   |       |       |     1 |       |       |       ||     1
       Power Leap        |       |       |       |     5 |     3 |     3 ||    11
       Sacrifice Artific |       |       |       |     1 |       |       ||     1
       Sacrifice Purity  |       |       |       |     1 |       |       ||     1
       Draw Out Power    |       |       |       |       |       |     2 ||     2
  Use: Potion            |     3 |       |    14 |     1 |     3 |     2 ||    23
       Scroll            |     1 |       |     8 |    15 |     7 |    11 ||    42
 Stab: Sleeping          |       |     2 |       |     7 |    48 |    21 ||    78
       Invisible         |       |     3 |     5 |     7 |    19 |    16 ||    50
       Distracted        |       |       |       |    18 |    36 |    27 ||    81
       Paralysed         |       |       |       |     3 |    14 |    11 ||    28
  Eat: Chunk             |     1 |    10 |     9 |    20 |    50 |    17 ||   107
       Bread ration      |       |     1 |     4 |     4 |     3 |     4 ||    16
       Meat ration       |       |       |       |     1 |       |     1 ||     2
       Fruit             |       |       |       |       |       |     1 ||     1
